 Dungeon Crawl Stone Soup version 0.29-a0-214-g17f627cfee (webtiles) character file.

Game seed: 10972617679820079632

3068 jlumianski the Magician (level 9, 0/63 HPs)
             Began as a Demonspawn Fire Elementalist on Feb 24, 2022.
             Was an Initiate of Yredelemnul.
             Shot with a sling bullet by Joseph (2 damage)
             ... on level 7 of the Dungeon.
             The game lasted 00:47:07 (9611 turns).

jlumianski the Magician (DsFE)                      Turns: 9611, Time: 00:47:07

Health: 0/63       AC:  9    Str: 12    XL:     9   Next: 58%
Magic:  8/19       EV: 12    Int: 17    God:    Yredelemnul [......]
Gold:   336        SH:  5    Dex: 14    Spells: 11/21 levels left

rFire   . . .      SeeInvis .   v - +1 quarterstaff
rCold   . . .      Faith    .   (shield currently unavailable)
rNeg    . . .      Spirit   .   B - +3 leather armour
rPois   +          Reflect  +   (no helmet)
rElec   .          Harm     .   M - +0 cloak
rCorr   .          Rampage  .   H - +0 pair of gloves
Will    +....                   y - +0 pair of boots
Stlth   ++........              p - amulet of reflection
HPRegen 0.20/turn               l - ring of willpower
MPRegen 0.16/turn               E - ring of poison resistance

@: studying Air Magic
A: demonic guardian 2, weakness stinger 1
a: Renounce Religion, Recall Undead Harvest


You were on level 7 of the Dungeon.
You worshipped Yredelemnul.
Yredelemnul was noncommittal.
You visited 2 branches of the dungeon, and saw 8 of its levels.

You collected 336 gold pieces.

Inventory:

Hand Weapons
 b - a +0 spear
 c - a +2 hand crossbow of freezing
 f - a +0 dagger
 o - a +0 short sword
 s - a +2 dagger of freezing
 v - a +1 quarterstaff (weapon)
 D - a +4 dagger of venom
 N - the +4 spear "Huklijat" {vamp, *Slow rC++ rN+}
   (You took it off a gnoll sergeant on level 6 of the Dungeon)

   It occasionally heals its wielder for a portion of the damage dealt when it
   wounds a living foe.
   rC:        It greatly protects you from cold.
   rN:        It protects you from negative energy.
   *Slow:     It may slow you when you take damage.
 Q - a +0 spear of venom
Missiles
 d - 3 throwing nets
 g - 149 stones
 C - 3 boomerangs
 K - 7 poisoned darts
Armour
 a - a +0 robe
 t - a +0 leather armour
 u - a +0 leather armour of cold resistance
 y - a +0 pair of boots (worn)
 B - a +3 leather armour (worn)
 H - a +0 pair of gloves (worn)
 M - a +0 cloak (worn)
 O - a +0 buckler
 P - the +1 ring mail "Nogguop" {rC+ Dex+4}
   (You took it off a gnoll sergeant on level 6 of the Dungeon)

   Dex:       It affects your dexterity (+4).
   rC:        It protects you from cold.
Magical Staves
 m - a staff of death
Jewellery
 l - a ring of willpower (left hand)
 p - an amulet of reflection (around neck)
 x - a ring of resist corrosion
 E - a ring of poison resistance (right hand)
 L - a ring of see invisible
Wands
 R - a wand of paralysis (1)
 S - a wand of flame (10)
Scrolls
 e - a scroll of amnesia
 k - 2 scrolls of fear
 w - a scroll of fog
 F - a scroll of teleportation
 I - 2 scrolls of enchant weapon
 J - a scroll of holy word
 U - a scroll of identify
Potions
 h - a potion of heal wounds
 i - 2 potions of attraction
 j - 2 potions of flight
 n - 3 potions of might
 q - a potion of magic
 r - a potion of lignification
 z - a potion of invisibility
 A - 2 potions of curing
 G - a potion of degeneration {unknown}
 T - 3 potions of haste {unknown}


   Skills:
 + Level 3.0 Fighting
 + Level 0.8(2.7) Polearms
 + Level 4.1(4.2) Staves
 + Level 3.1 Armour
 + Level 3.6 Dodging
 + Level 3.2 Stealth
 + Level 1.9 Shields
 + Level 6.8 Spellcasting
 + Level 3.0 Conjurations
 + Level 6.6 Fire Magic
 + Level 0.3 Invocations


You had 11 spell levels left.
You knew the following spells:

 Your Spells              Type           Power      Damage    Failure   Level
a - Foxfire               Conj/Fire      88%        2x1d8     1%          1
b - Scorch                Fire           56%        2d8       1%          2
c - Conjure Flame         Conj/Fire      22%        6-21      6%          3
d - Flame Wave            Conj/Fire      22%        2d7       21%         4

Your spell library contained the following spells:

 Spells                   Type           Power      Damage    Failure   Level
 Inner Flame              Hex/Fire       17%        N/A       12%         3
 Slow                     Hex            20%        N/A       16%         1
 Sublimation of Blood     Necr           5%         N/A       22%         2
 Confusing Touch          Hex            5%         N/A       41%         3
 Vampiric Draining        Necr           5%         2d6       41%         3
 Petrify                  Tmut/Erth      5%         N/A       83%         4
 Irradiate                Conj/Tmut      5%         3d15      92%         5
 Summon Cactus Giant      Summ           2%         N/A       100%        6


Dungeon Overview and Level Annotations

Branches:
Dungeon (7/15)             Temple (1/1) D:6

Altars:
Ashenzari
Cheibriados
Dithmenos
Elyvilon
Hepliaklqana
Kikubaaqudgha
Makhleb
Nemelex Xobeh
Okawaru
Ru
Sif Muna
Trog
Vehumet
Wu Jian
Xom
Yredelemnul
Zin

Shops:
D:3 =   D:6 :*[

Annotations:
D:7 Joseph


Innate Abilities, Weirdness & Mutations

A demonic guardian rushes to your aid.
You have a small tail.


Message History

Casting: Conjure Flame (dangerous; 6% risk of failure)
Confirm with . or Enter, or press ? or * to list all spells.
Flames lash the gnoll.
The gnoll is severely wounded.
The gnoll's fire resistance burns away.
You hear a shout!
Casting: Scorch (safe; 1% risk of failure)
Confirm with . or Enter, or press ? or * to list all spells.
Flames lash the gnoll.
The gnoll is burned terribly!
You kill the gnoll!
Joseph shoots a sling bullet.
You reflect the sling bullet off an invisible shield around you!
The sling bullet barely misses Joseph.
A gnoll comes into view. It is wielding a +0 club.
Casting: Scorch (safe; 1% risk of failure)
Confirm with . or Enter, or press ? or * to list all spells.
You conjure some foxfire!
You hear the faint creaking of a portcullis very nearby.
The foxfire hits the gnoll.
The gnoll is heavily wounded.
The foxfire hits the gnoll.
You kill the gnoll!
A black mist starts to gather...
The gnoll hits your gnoll zombie with a +0 club!
Joseph shoots a sling bullet.
The sling bullet hits you!
* * * LOW HITPOINT WARNING * * *
A demonic guardian appears!
The gnoll hits your gnoll zombie with a +0 club.
Joseph shoots a sling bullet.
The sling bullet barely misses your ice devil.
The sling bullet barely misses you.
Things that are here:
a +0 mace; a +0 leather armour Joseph shoots a sling bullet.
The sling bullet closely misses your ice devil.
The sling bullet hits you!
* * * LOW HITPOINT WARNING * * *
Joseph shoots a sling bullet.
The sling bullet hits you.
You die...
Your body rises from the dead as a mindless zombie.

*,* *#.#*#........# #.# #.#
#.#########.# #.#......# #.# #.#
...gZZ@4.@..# #.#.###..# #.###.#
....!.##.#..# #.#.#*#..# #.##...
#.###.##.#..###..#.##..# *<*#.#.
#,**#....#....#.###.#..#***,*#...
*,**.########4)## *#....,,,,*####
*,*,.*,,,,,#..#.##*,#..##****
*,*##*,,,,,#####@#,**### #
*,,,,+,,∩,,* ##.#* # *,****,,,,,*
*.#**** # *,**,*,,,,,* *..,,,* #
*,**,******** *###*,* # *,**,*
*,* *,* # *,,,,* *,*********,* #
****,* *,,,,,,,,,*,******* # *,*
*,,,,,,,,*,,,,,,,,* #


You could see Joseph and a friendly ice devil (summoned).

Vanquished Creatures
  Prince Ribbit (D:6)
  Sigmund (D:4)
  An ice beast (D:4)
  A necrophage (D:5)
  A black bear (D:3)
  2 ogres
  A centaur (D:5)
  A phantom (D:6)
  A gnoll sergeant (D:6)
  3 scorpions (D:5)
  A water moccasin skeleton (D:4)
  A howler monkey (D:6)
  6 hounds
  2 centaur zombies
  2 orc priests (D:6)
  A gnoll shaman (D:6)
  2 bullfrog skeletons (D:5)
  2 centaur skeletons
  2 iguanas
  2 orc wizards (D:6)
  A howler monkey zombie (D:3)
  15 gnolls
  7 adders
  A river rat (D:3)
  2 white imps
  An ufetubus (D:5)
  An adder skeleton (D:5)
  3 worms
  The ghost of spaghetti the Sneak, a weakling DsDe (D:6)
  A dart slug (D:1)
  16 orcs
  9 endoplasms
  8 giant cockroaches
  8 hobgoblins
  3 jackals
  7 quokkas
  A ball python (D:4)
  6 bats
  3 frilled lizards
  9 goblins
  6 kobolds
  8 rats
151 creatures vanquished.

Vanquished Creatures (collateral kills)
  A two-headed ogre (D:7)
  Menkaure (D:6)
  A gnoll sergeant (D:6)
  A hound (D:6)
  2 orc priests (D:6)
  A centaur skeleton (D:6)
  4 gnolls (D:6)
  An orc (D:6)
12 creatures vanquished.

Vanquished Creatures (others)
  An ogre zombie (D:6)
  2 hound zombies (D:6)
  8 gnoll zombies
  An orc zombie (D:7)
  229 foxfires
  2 fungi (D:4)
  4 plants
247 creatures vanquished.

Grand Total: 410 creatures vanquished

Notes
Turn   | Place    | Note
-------+----------+-------------------------------------------
     0 | D:1      | jlumianski the Demonspawn Fire Elementalist began the quest
                  | for the Orb.
     0 | D:1      | Reached XP level 1. HP: 13/13 MP: 3/3
   382 | D:1      | Gained mutation: A weak demonic guardian rushes to your
                  | aid. [demonic ancestry]
   382 | D:1      | Reached XP level 2. HP: 19/19 MP: 1/5
   635 | D:1      | Learned a level 2 spell: Scorch
   737 | D:1      | Found a faded altar of an unknown god.
  1436 | D:1      | Reached XP level 3. HP: 24/24 MP: 2/6
  2285 | D:3      | Found Dawky's Jewellery Boutique.
  2456 | D:3      | Reached XP level 4. HP: 30/30 MP: 8/8
  2496 | D:3      | Noticed a black bear
  2502 | D:3      | Killed a black bear
  2503 | D:3      | Reached skill level 1 in Fighting
  2503 | D:3      | Reached XP level 5. HP: 37/37 MP: 2/9
  2751 | D:3      | Reached skill level 1 in Staves
  4520 | D:5      | Entered Level 5 of the Dungeon
  4542 | D:4      | Noticed Sigmund
  4774 | D:3      | Reached XP level 6. HP: 23/43 MP: 2/10
  4927 | D:4      | Killed Sigmund
  4928 | D:4      | Reached skill level 1 in Armour
  5173 | D:4      | Gained mutation: A demonic guardian rushes to your aid.
                  | [demonic ancestry]
  5173 | D:4      | Reached XP level 7. HP: 38/49 MP: 6/12
  5327 | D:4      | Found a sacrificial altar of Ru.
  6648 | D:5      | Found a shadowy altar of Dithmenos.
  6666 | D:5      | Reached skill level 5 in Fire Magic
  6666 | D:5      | Reached XP level 8. HP: 54/56 MP: 12/14
  6844 | D:5      | Found a broken altar of Ashenzari.
  6974 | D:5      | Reached skill level 1 in Shields
  7075 | D:6      | Noticed Prince Ribbit
  7164 | D:6      | Killed Prince Ribbit
  7165 | D:6      | Reached skill level 5 in Spellcasting
  7216 | D:6      | Learned a level 3 spell: Conjure Flame
  7253 | D:6      | Noticed Menkaure
  7408 | D:6      | Killed Menkaure
  7622 | D:6      | Found Zin's Purification Station.
  7808 | D:6      | Found a staircase to the Ecumenical Temple.
  7817 | Temple   | Entered the Ecumenical Temple
  7906 | Temple   | Became a worshipper of Yredelemnul the Dark
  8016 | D:5      | Discovered your monstrous ancestry.
  8016 | D:5      | Gained mutation: You have a small tail. [demonic ancestry]
  8016 | D:5      | Reached XP level 9. HP: 26/62 MP: 1/17
  8201 | D:5      | Learned a level 4 spell: Flame Wave
  8249 | D:6      | Reached * piety under Yredelemnul
  8253 | D:6      | Found Giukikky's Book Shop.
  8481 | D:6      | Reached ** piety under Yredelemnul
  8506 | D:6      | Noticed spaghetti's ghost (weakling DsDe)
  8555 | D:6      | Found a transporter.
  8560 | D:6      | Found a transporter.
  8600 | D:6      | Identified the +4 spear "Huklijat" {vamp, *Slow rC++ rN+}
  8600 | D:6      | Identified the +1 ring mail "Nogguop" {rC+ Dex+4}
  8613 | D:6      | Killed spaghetti's ghost
  9342 | D:6      | Found Votenuoh's Armour Boutique.
  9519 | D:7      | Noticed a two-headed ogre
  9552 | D:7      | Killed a two-headed ogre
  9585 | D:7      | Noticed Joseph
  9610 | D:7      | HP: 2/63 [Joseph/sling bullet (8)]
  9611 | D:7      | Shot with a sling bullet by Joseph

Illustrated notes

Levels and vault maps discovered:
D:1:      dpeg_arrival_subterranean_lakeside_camping, layout_loops_ring,
          shapermc_ecumenical_altar_hornbeckon
D:2:      layout_loops_cross, nicolae_elevator_lobby_plus
D:3:      kb_forest_paths, layout_basic, serial_shops, shop,
          gup_sewer_entry_bubbles
D:4:      layout_rooms, mainiacjoe_overflow_boulevard, uniq_sigmund
D:5:      layout_loops_ring, nicolae_dithmenos_shadow_blocks,
          mainiacjoe_overflow_alcove_1
D:6:      layout_cave_pools, zin_purify, minmay_temple_entry_waves,
          serial_gnoll_camp, gnoll_camp_mini_shop, gnoll_camp_mini_shop,
          gnoll_camp_mini_doghouse, gnoll_camp_mini_doghouse,
          gammafunk_ghost_gnarly_gnolls, uniq_menkaure, uniq_prince_ribbit1
D:7:      layout_loops_ring, enter_bailey_7, serial_bayou_pond_d, uniq_joseph
Temple:   dshaligram_water_room_temple

Skill      XL: |  1  2  3  4  5  6  7  8  9 |
---------------+----------------------------+-----
Fire Magic     | 3 4 5 6 |  6.6
Dodging        | 2 3 |  3.6
Stealth        | 2 3 |  3.2
Fighting       | 1 2 3 |  3.0
Spellcasting   | 3 4 5 6 |  6.8
Staves         | 1 2 3 4 |  4.1
Armour         | 1 2 3 |  3.1
Conjurations   | 2 3 |  3.0
Shields        | 1 |  1.9
Polearms       | |  0.8
Invocations    | |  0.3

Action                   |  1- 3 |  4- 6 |  7- 9 || total
-------------------------+-------+-------+-------++-------
Melee: Spear             |    61 |       |       ||    61
       Unarmed           |     2 |       |       ||     2
       Quarterstaff      |    11 |    40 |    86 ||   137
       Tailslap          |       |       |     5 ||     5
 Cast: Foxfire           |    29 |    33 |    66 ||   128
       Scorch            |    10 |    25 |    80 ||   115
       Conjure Flame     |       |       |     1 ||     1
       Flame Wave        |       |       |     1 ||     1
Invok: Recall Undead Har |       |       |     4 ||     4
  Use: Scroll            |       |    11 |     3 ||    14
       Potion            |       |     3 |     2 ||     5
 Stab: Sleeping          |     5 |     4 |     2 ||    11
Armor: Robe              |     5 |       |       ||     5
       Leather armour    |     5 |     8 |    73 ||    86
Dodge: Dodged            |    33 |    22 |   150 ||   205
Block: Other             |    10 |    12 |    59 ||    81
       Reflection        |       |     1 |     3 ||     4

Table legend: (Time is in decaauts)
 A = Elapsed time spent in this place.
 B = Non-inter-level travel time spent in this place.
 C = Inter-level travel time spent in this place.
 D = Time resting spent in this place.
 E = Time spent auto-exploring this place.
 F = Levels seen in this place.
 G = Mean time per level.
                   A        B        C        D        E       F      G
               +--------+--------+--------+--------+--------+-----+--------+
         Total |   9700 |   9513 |    187 |   1170 |   5511 |   8 | 1212.5 |
       Dungeon |   9590 |   9403 |    187 |   1170 |   5511 |   7 | 1370.0 |
        Temple |    109 |    109 |      0 |      0 |      0 |   1 |  109.0 |
               +--------+--------+--------+--------+--------+-----+--------+

Top non-repeatable levels by time:
     D:3: 1904 daAuts
     D:6: 1885 daAuts
     D:1: 1760 daAuts
     D:5: 1586 daAuts
     D:2: 1240 daAuts
     D:4: 1056 daAuts
     D:7: 157 daAuts
  Temple: 109 daAuts
